Map: Acid Plant LE

Players

ShoWTimE - Winner!

  • Race: Protoss Protoss
  • Spawn Location: 11:00

Namshar

  • Race: Zerg Zerg
  • Spawn Location: 5:00

Event: WCS Leipzig 2018

VOD

Have the link to the VOD?

Description

Time

  • Played on: Jan. 27, 2018, 6:46 a.m.
  • Length: 6:50

All games in this series

Show
View Real Time Build Order
Export as new Build Order

ShoWTimE Protoss - Winner!

Build Orders: 1 Gate Expand, Oracle Opening, Phoenix Opening, Zealot Archon, Archon Drop 

Get SALT Encoding   

  12  0:00  Probe  
  13  0:12  Probe  
  14  0:19  Pylon  
  14  0:24  Probe  
  15  0:37  Probe (Chrono Boost)  
  16  0:46  Probe (Chrono Boost), Gateway  
  16  0:49  Assimilator  
  17  0:51  Probe (Chrono Boost)  
  18  1:04  Probe  
  19  1:16  Probe  
  20  1:26  Nexus  
  20  1:38  Cybernetics Core  
  20  1:40  Probe  
  20  1:45  Assimilator  
  21  1:52  Probe  
  22  1:55  Pylon  
  22  2:05  Probe  
  23  2:12  Adept (Chrono Boost)  
  25  2:17  Probe  
  25  2:18  Stargate  
  26  2:26  Warp Gate  
  26  2:29  Probe (Chrono Boost)  
  27  2:31  Adept  
  29  2:38  Probe (Chrono Boost)  
  29  2:41  Probe (Chrono Boost)  
  31  2:47  Probe (Chrono Boost)  
  31  2:48  Probe (Chrono Boost)  
  33  2:52  Probe (Chrono Boost)  
  33  2:55  Probe  
  35  3:00  Oracle (Chrono Boost)  
  35  3:04  Probe  
  39  3:07  Probe  
  40  3:14  Pylon  
  40  3:16  Probe  
  40  3:19  Probe  
  42  3:21  Gateway  
  42  3:24  Adept  
  44  3:28  Probe  
  44  3:32  Phoenix  
  44  3:33  Probe  
  48  3:39  Assimilator  
  48  3:40  Assimilator  
  48  3:41  Probe (Chrono Boost)  
  49  3:45  Pylon  
  50  3:50  Probe (Chrono Boost)  
  50  3:53  Probe (Chrono Boost)  
  51  3:58  Probe (Chrono Boost)  
  51  3:59  Probe (Chrono Boost)  
  51  4:01  Twilight Council  
  53  4:07  Probe  
  53  4:08  Robotics Facility  
  53  4:09  Probe  
  55  4:18  Gateway  
  55  4:19  Probe  
  56  4:25  Gateway  
  56  4:26  Gateway  
  56  4:31  Gateway  
  56  4:32  Charge (Chrono Boost)  
  56  4:38  Templar Archives  
  56  4:42  Zealot  
  56  4:45  Zealot  
  60  4:51  Pylon  
  60  4:55  Pylon, Warp Prism (Chrono Boost)  
  62  5:14  Nexus  
  62  5:24  High Templar x3  
  62  5:25  High Templar, Zealot x2  
  74  5:29  Archon  
  74  5:30  Archon  
  74  5:34  Probe x2  
  76  5:36  Pylon  
  76  5:39  Observer, Pylon  
  77  5:51  Probe  
  77  5:54  Probe, Zealot x2  
  77  5:56  Zealot  
  77  5:57  Zealot x2  
  87  5:59  Zealot  
  87  6:03  Probe  
  92  6:06  Probe  
  93  6:15  Probe  
  94  6:25  Probe  
Show
View Real Time Build Order
Export as new Build Order

Namshar Zerg 

Build Orders: Hatch First 

Get SALT Encoding   

  12  0:00  Drone  
  13  0:12  Overlord  
  13  0:18  Drone  
  14  0:30  Drone x2  
  14  0:34  Drone  
  17  0:50  Hatchery  
  17  0:53  Drone  
  17  0:57  Drone  
  18  1:07  Extractor  
  17  1:12  Spawning Pool  
  17  1:15  Drone  
  17  1:18  Drone  
  18  1:27  Drone  
  19  1:38  Overlord  
  19  1:49  Drone  
  20  1:58  Queen  
  20  1:59  Zergling x2  
  23  2:02  Queen  
  23  2:03  Zergling x2  
  23  2:06  Metabolic Boost  
  26  2:11  Drone  
  26  2:13  Drone  
  28  2:22  Drone  
  29  2:25  Drone  
  30  2:35  Hatchery  
  29  2:37  Drone  
  29  2:43  Overlord  
  30  2:45  Drone  
  30  2:47  Drone  
  32  2:53  Drone  
  32  2:56  Drone  
  32  2:58  Queen  
  36  3:08  Drone x4  
  40  3:13  Overlord  
  40  3:17  Drone, Zergling x2  
  40  3:18  Drone  
  40  3:19  Drone  
  44  3:25  Spore Crawler  
  43  3:29  Drone  
  43  3:33  Spore Crawler, Queen  
  43  3:39  Drone x2  
  47  3:43  Drone  
  47  3:44  Drone x3  
  47  3:48  Drone x3  
  54  3:53  Overlord  
  54  3:56  Lair  
  53  4:03  Overlord  
  53  4:04  Overlord  
  53  4:05  Drone  
  53  4:06  Drone  
  53  4:08  Drone  
  56  4:10  Drone  
  56  4:11  Drone  
  58  4:18  Extractor  
  58  4:19  Extractor  
  58  4:20  Extractor  
  58  4:21  Drone x3  
  58  4:22  Drone  
  58  4:23  Drone x3  
  62  4:25  Spore Crawler  
  62  4:30  Overlord  
  61  4:31  Drone  
  61  4:32  Drone  
  63  4:39  Overlord  
  63  4:44  Drone  
  63  4:45  Drone  
  65  4:46  Drone  
  65  4:47  Overlord  
  65  4:48  Drone x2  
  65  4:49  Drone  
  65  4:51  Drone  
  70  4:54  Hydralisk Den  
  69  5:00  Drone x2  
  69  5:01  Drone  
  69  5:03  Overlord  
  69  5:04  Evolution Chamber  
  71  5:10  Drone  
  71  5:11  Overlord  
  72  5:23  Hydralisk x6  
  72  5:24  Muscular Augments  
  72  5:26  Hydralisk  
  85  5:31  Hydralisk  
  85  5:34  Drone  
  88  5:35  Extractor, Hydralisk  
  88  5:37  Extractor  
  88  5:39  Zergling x4  
  88  5:40  Hydralisk  
  92  5:44  Hydralisk  
  94  5:51  Overlord  
  94  5:53  Drone x6  
  94  5:54  Hydralisk x2  
  104  6:01  Overlord  
  104  6:03  Hatchery  
  103  6:06  Hydralisk x2  
  107  6:13  Hydralisk  
  107  6:14  Zergling x6  
Tags
 
Add a new tag
Caveats
  • Supply blocks, unpowered buildings, or Contaminate may cause inaccurate times.
  • Supply counts are checked every 10 seconds.